 Dungeon Crawl Stone Soup version 0.29.0-10-g45618ea6d2 (webtiles) character file.

Game seed: 1437686824315981642

62 Persephone the Shooter (level 3, 0/30 HPs)
             Began as a Deep Elf Hunter on Sept 2, 2022.
             Slain by a ball python (1 damage)
             ... on level 2 of the Dungeon.
             The game lasted 00:01:37 (1346 turns).

Persephone the Shooter (Deep Elf Hunter)            Turns: 1346, Time: 00:01:37

Health: 0/30       AC: 21    Str:  8    XL:     3   Next: 85%
Magic:  5/5        EV: -1    Int: 13    God:
Gold:   54         SH:  0    Dex: 20    Spells: 2/2 levels left

rFire   . . .      SeeInvis .   a - +0 shortbow
rCold   . . .      Faith    .   (shield currently unavailable)
rNeg    . . .      Spirit   .   (body armour currently unavailable)
rPois   +          Reflect  .   (helmet currently unavailable)
rElec   .          Harm     .   (cloak currently unavailable)
rCorr   .          Rampage  .   (gloves currently unavailable)
Will    .....      NoTele   +   (boots currently unavailable)
Stlth   ++........              (no amulet)
HPRegen 0.10/turn               (no ring)
MPRegen 0.09/turn               (no ring)

@: tree-form, hasted, constricted, very quick
A: stationary, stasis, torment immunity, boosted hp
a: no special abilities


You were on level 2 of the Dungeon.
You were a tree.
You visited 1 branch of the dungeon, and saw 2 of its levels.

You collected 54 gold pieces.

Inventory:

Hand Weapons
 a - a +0 shortbow (weapon)
Armour
 c - a +0 leather armour (melded)
Scrolls
 b - a scroll of immolation
 d - 2 scrolls of teleportation {unknown}
 e - 2 scrolls of identify {unknown}
 f - a scroll of fear {unknown}
 g - 2 scrolls of butterflies {unknown}
 i - a scroll of magic mapping {unknown}
 j - a scroll of enchant armour {unknown}
Potions
 l - a potion of degeneration {unknown}
 m - a potion of cancellation
 n - a potion of berserk rage {unknown}
 o - a potion of magic {unknown}


   Skills:
 - Level 1.5 Fighting
 + Level 7.3 Ranged Weapons
 - Level 2.4 Dodging
 - Level 1.2 Stealth


You had 2 spell levels left.
You didn't know any spells.
Your spell library contained the following spells:

 Spells                   Type           Power      Damage    Failure   Level
 Freeze                   Ice            0%         1d3       30%         1
 Frozen Ramparts          Ice            0%         1d1       67%         3
 Gell's Gravitas          Tloc           0%         N/A       67%         3
 Lesser Beckoning         Tloc           0%         N/A       67%         3
 Teleport Other           Tloc           0%         N/A       67%         3
 Hailstorm                Conj/Ice       0%         3d3       97%         4


Dungeon Overview and Level Annotations

Branches:
Dungeon (2/15)

Altars:


Message History

Press: ? - help, Shift-Dir - straight line, f/p - adder
Aim: an adder (severely wounded, 50% to hit)
You shoot an arrow. The arrow hits the adder!
You kill the adder!
You feel sick. The ball python barely misses you. x2
Fire: a) +0 shortbow
Press: ? - help, Shift-Dir - straight line, f - ball python
Aim: a ball python (moderately wounded, 62% to hit)
You shoot an arrow.
The arrow barely misses the ball python.
The arrow hits the rat.
You kill the rat!
You feel sick. The ball python closely misses you. x2
Fire: a) +0 shortbow
Press: ? - help, Shift-Dir - straight line, f/p - ball python
Aim: a ball python (moderately wounded, 62% to hit)
You shoot an arrow.
The arrow closely misses the ball python.
You feel sick. The ball python barely misses you. The ball python grabs you.
The ball python constricts you.
* * * LOW HITPOINT WARNING * * *
The ball python misses you. The ball python constricts you.
* * * LOW HITPOINT WARNING * * *
Fire: a) +0 shortbow
Press: ? - help, Shift-Dir - straight line, f/p - ball python
Aim: a ball python (moderately wounded, constricting you, 62% to hit)
You shoot an arrow.
The arrow closely misses the ball python.
* * * LOW HITPOINT WARNING * * *
You feel sick.
You are no longer poisoned.
The ball python barely misses you. The ball python constricts you.
It was a potion of lignification.
You turn into a tree.
Your +0 leather armour melds into your body.
Your roots penetrate the ground.
The ball python bites you but does no damage.
The ball python constricts you.
It was a potion of haste.
You feel yourself speed up. The ball python bites you.
You die...

.........#
.........#
.........+
.........##
..........
.........#
.......†.#
##############S#
.............#♣#
#.######..#.##.#
#..<.##.####
#..).......#
#...#...##.#
#...#.####.#
#...#.# #.#
#...#.# #.#
##.##.####.#


You could see a ball python.

Vanquished Creatures
  Jessica (D:2)
  An adder (D:2)
  A dart slug (D:1)
  5 bats (D:1)
  4 endoplasms (D:1)
  A giant cockroach (D:1)
  2 goblins (D:1)
  2 hobgoblins (D:1)
  2 kobolds (D:1)
  2 ball pythons (D:1)
  3 rats
24 creatures vanquished.

Notes
Turn   | Place    | Note
-------+----------+-------------------------------------------
     0 | D:1      | Persephone the Deep Elf Hunter began the quest for the Orb.
     0 | D:1      | Reached XP level 1. HP: 12/12 MP: 3/3
   197 | D:1      | Found a faded altar of an unknown god.
   264 | D:1      | Reached XP level 2. HP: 13/16 MP: 4/4
   344 | D:1      | Reached skill level 6 in Ranged Weapons
  1159 | D:2      | Noticed Jessica
  1165 | D:2      | Killed Jessica
  1166 | D:2      | Reached skill level 7 in Ranged Weapons
  1166 | D:2      | Reached XP level 3. HP: 12/20 MP: 5/5
  1343 | D:2      | HP: 1/20 [constriction (1)]
  1346 | D:2      | Slain by a ball python

Illustrated notes

Levels and vault maps discovered:
D:1:      dpeg_arrival_shrine, layout_basic, shapermc_ecumenical_altar_petra,
          minmay_heptomino_l4
D:2:      layout_basic, uniq_jessica

Skill      XL: |  1  2 |
---------------+-------+-----
Ranged Weapons | 7 |  7.3
Fighting       | |  1.5
Dodging        | |  2.4
Stealth        | |  1.2

Action                   || total
-------------------------++-------
 Fire: Shortbow          ||    76
  Use: Potion            ||     3
Armor: Leather armour    ||    12
       Skin              ||     1
Dodge: Dodged            ||    34
